Map: Ephemeron LE

Players

PARABELLUM

  • Race: Protoss Protoss
  • League: Silver
  • Spawn Location: 11:00

Berserk - Winner!

  • Race: Zerg Zerg
  • Spawn Location: 5:00

VOD

Have the link to the VOD?

Description

Time

  • Played on: Sept. 11, 2019, 3:56 a.m.
  • Length: 12:54
Show
View Real Time Build Order
Export as new Build Order

PARABELLUM Protoss 

Build Orders:  

Get SALT Encoding   

  12  0:01  Probe  
  13  0:24  Pylon  
  13  0:41  Probe  
  14  0:49  Gateway  
  14  0:51  Gateway  
  14  0:53  Probe  
  15  1:31  Pylon  
  15  1:42  Forge  
  15  1:50  Zealot x2 (Chrono Boost)  
  19  2:17  Nexus  
  19  2:20  Cybernetics Core  
  19  2:21  Assimilator  
  19  2:22  Probe (Chrono Boost)  
  20  2:32  Probe (Chrono Boost)  
  21  2:42  Photon Cannon  
  21  2:47  Probe  
  22  2:56  Assimilator  
  22  3:00  Probe  
  23  3:08  Zealot  
  23  3:12  Probe  
  26  3:23  Warp Gate (Chrono Boost)  
  26  3:32  Probe (Chrono Boost)  
  27  3:37  Probe (Chrono Boost)  
  28  3:47  Probe x2 (Chrono Boost)  
  30  3:51  Pylon  
  30  3:52  Probe (Chrono Boost)  
  30  3:54  Probe  
  32  4:03  Probe  
  32  4:06  Probe  
  32  4:09  Pylon  
  34  4:18  Probe  
  34  4:22  Stargate  
  35  4:24  Pylon  
  35  4:30  Probe  
  36  4:41  Assimilator  
  36  4:42  Probe (Chrono Boost)  
  37  4:52  Probe (Chrono Boost)  
  38  4:57  Probe (Chrono Boost)  
  39  5:04  Gateway  
  39  5:09  Probe  
  39  5:12  Void Ray (Chrono Boost)  
  44  5:18  Adept, Stalker  
  48  5:35  Pylon  
  48  5:39  Pylon  
  48  5:42  Robotics Facility  
  48  5:49  Probe  
  49  5:51  Pylon  
  49  5:52  Void Ray (Chrono Boost)  
  49  5:54  Sentry  
  55  5:57  Stalker  
  55  6:01  Probe, Adept  
  60  6:12  Assimilator  
  60  6:13  Probe  
  61  6:24  Stalker  
  61  6:25  Probe, Adept, Stalker  
  67  6:27  Void Ray (Chrono Boost)  
  67  6:32  Observer  
  73  6:38  Probe (Chrono Boost)  
  74  6:50  Zealot x2, Probe (Chrono Boost)  
  79  6:56  Probe (Chrono Boost)  
  79  6:58  Observer  
  81  7:04  Probe, Void Ray (Chrono Boost)  
  86  7:25  Probe  
  86  7:29  Pylon  
  79  7:31  Pylon x2  
  74  7:46  Void Ray  
  74  7:50  Zealot x3  
  43  8:20  Stalker x2  
  43  8:21  Stalker  
  43  8:23  Immortal (Chrono Boost)  
  53  8:29  Void Ray  
  51  8:45  Stalker  
  51  8:46  Zealot x2  
  57  8:50  Probe (Chrono Boost)  
  58  8:59  Probe (Chrono Boost)  
  53  9:11  Warp Prism  
  51  9:19  Void Ray  
  48  9:45  Probe  
  47  10:02  Void Ray  
  45  10:16  Stalker x2  
  42  10:24  Probe (Chrono Boost)  
  36  10:36  Probe (Chrono Boost)  
  37  10:45  Void Ray  
  41  11:07  Probe (Chrono Boost)  
  42  11:49  Probe  
  43  12:01  Probe  
Show
View Real Time Build Order
Export as new Build Order

Berserk Zerg - Winner!

Build Orders: Hatch First 

Get SALT Encoding   

  12  0:02  Drone  
  13  0:13  Overlord  
  13  0:17  Drone  
  14  0:34  Drone x2  
  16  0:38  Drone  
  17  0:59  Hatchery  
  17  1:00  Drone  
  17  1:02  Extractor  
  17  1:03  Drone  
  17  1:22  Spawning Pool, Drone  
  18  1:32  Drone  
  18  1:33  Drone  
  19  1:44  Drone  
  20  2:07  Overlord  
  20  2:15  Drone  
  20  2:16  Queen  
  22  2:29  Lair  
  22  2:30  Zergling x2  
  22  2:31  Zergling x2  
  22  2:34  Drone  
  22  2:35  Drone  
  26  2:38  Drone  
  27  2:44  Drone  
  27  2:48  Extractor  
  27  2:51  Drone  
  28  3:00  Evolution Chamber  
  28  3:04  Roach Warren  
  26  3:07  Evolution Chamber  
  26  3:08  Drone  
  26  3:09  Drone x3  
  29  3:21  Drone  
  30  3:30  Drone  
  30  3:31  Drone  
  32  3:36  Zerg Missile Weapons Level 1  
  32  3:40  Zerg Ground Armor Level 1  
  32  3:54  Roach  
  34  4:06  Queen  
  36  4:10  Glial Reconstitution  
  36  4:12  Overlord  
  36  4:29  Queen  
  36  4:30  Overseer  
  38  4:32  Roach  
  40  4:39  Drone, Roach  
  40  4:40  Drone  
  44  4:48  Overlord  
  44  4:49  Overlord  
  44  5:02  Overlord  
  44  5:07  Roach x2  
  48  5:19  Roach x2  
  48  5:20  Roach x2  
  56  5:21  Overlord  
  56  5:34  Roach  
  56  5:35  Roach  
  60  5:37  Zerg Missile Weapons Level 2  
  60  6:04  Nydus Network  
  59  6:06  Zergling x10  
  59  6:08  Drone  
  65  6:27  Overlord  
  65  6:29  Zergling x4  
  67  6:42  Roach  
  67  6:43  Roach  
  71  7:01  Nydus Canal  
  71  7:09  Roach x3  
  71  7:10  Roach x2  
  72  7:48  Spine Crawler  
  72  7:49  Spore Crawler  
  68  8:42  Zergling x6  
  68  8:43  Zergling x8  
  71  9:04  Zergling x6  
  62  9:33  Zergling x10  
  61  9:42  Queen  
  61  9:46  Overlord  
  51  10:18  Queen  
  41  10:39  Zergling x8, Roach  
  41  10:40  Roach  
  47  10:43  Nydus Canal  
  47  10:53  Hydralisk Den  
  47  10:54  Queen  
  48  11:08  Queen  
  48  11:10  Roach x3  
  48  11:11  Roach  
  58  11:23  Roach x2, Hydralisk  
  64  11:26  Overlord x4  
  64  11:29  Queen  
  66  11:34  Roach  
  68  11:44  Queen  
  70  12:00  Nydus Canal  
  70  12:07  Spore Crawler  
  70  12:08  Spore Crawler x2, Queen  
Tags
 
League
Silver
Matchup
PvZ
Spawn Locations
Cross Positions
Add a new tag
Caveats
  • Supply blocks, unpowered buildings, or Contaminate may cause inaccurate times.
  • Supply counts are checked every 10 seconds.